 Dungeon Crawl Stone Soup version 0.25.0-1-g7eea58d2a3 (webtiles) character file.

Game seed: 6848444415856003343

416984 tilp the Bludgeoner (level 23, -2/161 HPs)
             Began as a Gargoyle Earth Elementalist on June 14, 2020.
             Was the Champion of the Shining One.
             Killed from afar by a frost giant (43 damage)
             ... with a bolt of cold
             ... on level 2 of the Depths.
             The game lasted 03:14:30 (78292 turns).

tilp the Bludgeoner (Gargoyle Earth Elementalist)  Turns: 78292, Time: 03:14:31

Health: -2/161     AC: 37    Str: 14    XL:     23   Next: 62%
Magic:  7/40       EV: 17    Int: 32    God:    the Shining One [******]
Gold:   3595       SH:  0    Dex: 12    Spells: 13/48 levels left

rFire    + + .     SeeInvis +   b - staff of earth
rCold    . . .     Gourm    .   (no shield)
rNeg     + + +     Faith    .   M - +4 robe of the Rose {rF+ rCorr}
rPois    ∞         Spirit   .   r - +2 helmet {SInv}
rElec    +         Reflect  .   d - +2 cloak
rCorr    +         Harm     .   z - +2 pair of gloves
MR       ++...                  B - +2 pair of boots
Stlth    +.........             H - amulet of magic regeneration
HPRegen  0.36/turn              C - ring "Luenoh" {*Drain rF+ rN+ MR+ Int+2}
MPRegen  0.52/turn              X - +6 ring of intelligence

@: glowing
A: big wings, talons 1, thin skeletal structure 1, negative energy resistance 1,
robust 1, electricity resistance, unbreathing, petrification resistance, rot
immunity, AC +17
}: 2/15 runes: barnacled, gossamer
a: Fly, Divine Shield, Cleansing Flame, Summon Divine Warrior, Brand Weapon With
Holy Wrath, Renounce Religion


You were on level 2 of the Depths.
You worshipped the Shining One.
The Shining One was exalted by your worship.
You were not hungry.

You visited 8 branches of the dungeon, and saw 39 of its levels.
You visited 1 bazaar.
You also visited: Sewer and Gauntlet.

You collected 5796 gold pieces.
You spent 2201 gold pieces at shops.

Inventory:

Hand Weapons
 a - a +4 great mace of flaming
Missiles
 e - 18 javelins (quivered)
 x - 6 throwing nets
Armour
 d - a +2 cloak (worn)
 r - a +2 helmet of see invisible (worn)
 z - a +2 pair of gloves (worn)
 B - a +2 pair of boots (worn)
 M - the +4 robe of the Rose (worn) {rF+ rCorr}
   (You found it on level 4 of the Spider Nest)

   It protects you from fire.
   It provides partial protection from all sources of acid and corrosion.
Magical Staves
 b - an uncursed staff of earth (weapon)
Jewellery
 w - an uncursed ring of protection from cold
 C - the ring "Luenoh" (left hand) {*Drain rF+ rN+ MR+ Int+2}
   (You acquired it on level 2 of the Lair of Beasts)

   [ring of protection from magic]

   It affects your intelligence (+2).
   It protects you from fire.
   It protects you from negative energy.
   It affects your resistance to hostile enchantments.
   It causes draining when unequipped.
 D - an uncursed amulet of reflection
 E - an uncursed ring of protection from fire
 H - an amulet of magic regeneration (around neck)
 X - a +6 ring of intelligence (right hand)
Wands
 q - a wand of iceblast (34)
 u - a wand of acid (11)
 A - a wand of digging (3)
 J - a wand of enslavement (7)
 N - a wand of disintegration (46)
 T - a wand of polymorph (23)
 V - a wand of paralysis (22)
 Y - a wand of flame (14)
Scrolls
 j - 21 scrolls of remove curse
 n - 5 scrolls of enchant armour
 s - 10 scrolls of amnesia
 v - a scroll of brand weapon
 y - 4 scrolls of magic mapping
 F - 19 scrolls of teleportation
 I - a scroll of fear
 P - 7 scrolls of identify
 R - 3 scrolls of vulnerability
 S - 3 scrolls of fog
 W - a scroll of enchant weapon
 Z - 6 scrolls of blinking
Potions
 g - 2 potions of heal wounds
 i - 6 potions of might
 k - 18 potions of curing
 l - 6 potions of brilliance
 m - 8 potions of ambrosia
 o - 3 potions of magic
 t - 4 potions of mutation
 G - 5 potions of haste
 L - 3 potions of cancellation
 Q - 4 potions of resistance
Miscellaneous
 f - a lightning rod (4/4)
 h - a phial of floods
 p - 2 phantom mirrors
 K - a tin of tremorstones (3/3)
 U - 3 boxes of beasts
Comestibles
 c - 45 rations
 O - 2 chunks of flesh


   Skills:
 + Level 16.1 Fighting
 - Level 20.0 Maces & Flails
 + Level 9.8 Throwing
 - Level 8.0 Armour
 + Level 9.5 Dodging
 - Level 2.1 Stealth
   Level 4.0 Shields
 + Level 13.0 Spellcasting
 - Level 14.0 Conjurations
 - Level 0.7 Transmutations
 - Level 4.0 Fire Magic
 + Level 19.0 Earth Magic
 - Level 12.0 Invocations
 - Level 8.0 Evocations


You had 13 spell levels left.
You knew the following spells:

 Your Spells              Type           Power        Failure   Level  Hunger
a - Sandblast             Erth           ######       0%          1    None
b - Passwall              Tmut/Erth      #######.     1%          2    None
c - Stone Arrow           Conj/Erth      ######       0%          3    None
d - Petrify               Tmut/Erth      #######.     1%          4    None
e - Lee's Rapid Deconstr  Erth           ########..   1%          5    None
f - Bolt of Magma         Conj/Fire/Erth #######...   1%          5    None
g - Iron Shot             Conj/Erth      ########..   1%          6    ####...
h - Slow                  Hex            ###.....     3%          2    None
i - Mephitic Cloud        Conj/Pois/Air  ######..     1%          3    None
j - Summon Butterflies    Summ           ###.....     2%          1    None
k - Blink                 Tloc           N/A          3%          2    None
l - Apportation           Tloc           ###...       2%          1    None

Your spell library contained the following spells:

 Spells                   Type           Power        Failure   Level  Hunger
 Magic Dart               Conj           ####         0%          1    None
 Searing Ray              Conj           ######       0%          2    None
 Sting                    Tmut/Pois      ###.         1%          1    None
 Conjure Flame            Conj/Fire      ######..     1%          3    None
 Dazzling Flash           Conj/Hex       ######       1%          3    None
 Fulminant Prism          Conj/Hex       ######....   1%          4    None
 Iskenderun's Mystic Bla  Conj/Tloc      ######..     1%          4    None
 Animate Skeleton         Necr           N/A          2%          1    None
 Corona                   Hex            ###....      2%          1    None
 Pain                     Necr           ###.         2%          1    None
 Summon Small Mammal      Summ           ###.         2%          1    None
 Call Imp                 Summ           ###.....     3%          2    None
 Corpse Rot               Necr/Air       N/A          3%          2    None
 Poisonous Vapours        Pois/Air       ###...       3%          2    None
 Shroud of Golubria       Chrm/Tloc      ###...       3%          2    None
 Ignite Poison            Fire/Tmut/Pois ####....     3%          3    None
 Iskenderun's Battlesphe  Conj/Chrm      ######..     3%          5    None
 Orb of Destruction       Conj           #######...   6%          7    #####..
 Call Canine Familiar     Summ           ###.....     7%          3    None
 Gell's Gravitas          Tloc           ###.......   7%          3    None
 Lesser Beckoning         Tloc           ###.......   7%          3    None
 Summon Guardian Golem    Hex/Summ       ###.....     7%          3    None
 Teleport Other           Tloc           ###.....     7%          3    None
 Vampiric Draining        Necr           ###.......   7%          3    None
 Ice Form                 Ice/Tmut       ###.....     19%         4    None
 Animate Dead             Necr           N/A          22%         4    None
 Olgreb's Toxic Radiance  Pois           ###.....     22%         4    None
 Passage of Golubria      Tloc           N/A          22%         4    None
 Summon Ice Beast         Ice/Summ       ###.....     22%         4    None
 Summon Lightning Spire   Summ/Air       ###.....     22%         4    None
 Freezing Cloud           Conj/Ice/Air   ######....   45%         6    ####...
 Agony                    Necr           ###.....     52%         5    None
 Metabolic Englaciation   Hex/Ice        ###.......   52%         5    None
 Summon Forest            Summ/Tloc      ###.......   52%         5    None
 Summon Mana Viper        Hex/Summ       ###.....     52%         5    None
 Spellforged Servitor     Conj/Summ      ######....   71%         7    #####..
 Hydra Form               Tmut           ####......   95%         6    ####...
 Eringya's Noxious Bog    Tmut/Pois      ###.......   96%         6    ####...
 Ozocubu's Refrigeration  Ice            ###.......   98%         6    ####...
 Simulacrum               Ice/Necr       ###.......   98%         6    ####...
 Malign Gateway           Summ/Tloc      ###.......   100%        7    #####..
 Monstrous Menagerie      Summ           ###.......   100%        7    #####..
 Summon Greater Demon     Summ           ###.......   100%        7    #####..
 Summon Hydra             Summ           ###.......   100%        7    #####..
 Summon Horrible Things   Summ           ###.......   100%        8    #######


Dungeon Overview and Level Annotations

Branches:
Dungeon (15/15)            Temple (0/1) D:5            Lair (6/6) D:11
 Shoals (4/4) Lair:2       Spider (4/4) Lair:2        Slime (0/5) Lair:6
    Orc (2/2) D:12            Elf (2/3) Orc:2        Vaults (4/5) D:14
  Crypt (0/3) Vaults:2     Depths (2/5) D:15          Sewer (visited)
Gauntlet (visited)

Altars:
Ashenzari
Cheibriados
Dithmenos
Gozag
Nemelex Xobeh
Uskayaw
Xom
Zin
The Shining One
Jiyva
Lugonu

Shops:
D:8 *%(!   Orc:2 !*([   Elf:1 ??[   Shoals:1 ?   Shoals:2 *   Vaults:2 (
Vaults:4 !=

Portals:
Hell: Depths:1 Depths:2
Ziggurat: Depths:1
Trove: Depths:1 (give 2 scrolls of acquirement)

Annotations:
Elf:2 3 runed translucent doors


Innate Abilities, Weirdness & Mutations

You are resistant to torment.
Your stone body is resilient. (AC +17)
You are immune to poison.
Your large and strong wings let you fly indefinitely.
You resist negative energy. (rN+)
You are resistant to electric shocks. (rElec)
You can survive without breathing.
You are immune to petrification.
You are immune to rotting.
You have sharp toenails.
You have a somewhat thin skeletal structure. (Dex +2, Stealth)
You are robust. (+10% HP)


Message History

b - an uncursed staff of earth (weapon)
The spriggan air mage hits you but does no damage.
The brown very ugly thing basks in the mutagenic energy from its kin and changes!
The titan waves its arms in wide circles.
The air twists around and violently strikes you in flight!!
Found a tin of tremorstones (3/3).
The spriggan air mage hits you.
The frost giant points at you and mumbles some strange words.
The bolt of cold misses you.
The white very ugly thing basks in the mutagenic energy from its kin and changes!
The spriggan air mage waves its arms in wide circles.
The air twists around and violently strikes you in flight!
* * * LOW HITPOINT WARNING * * *
You float gracefully downwards.
The white ugly thing basks in the mutagenic energy from its kin and changes!
The spriggan air mage waves its arms in wide circles.
The air twists around and strikes you.
The frost giant gestures at you while chanting.
The bolt of cold hits you!!!
You die...

... #########.###.#
.... ...## #.# #)# .###
.....# #)# #)#
#....#####[###'########
#.}..#...[[..[........
....##.........(.....
#...#.......(.......
#..##..∩....#####..
#.@.#........^8^...
##..#.......#####..
#i.#..............
#..#.............. u#
#uuC.............. u†#
#C.#.............. 'u.#
#..#..............
#.CC#
##..#..............
#..u#
#...#..............


You could see a titan, a frost giant, a purple very ugly thing, a purple ugly
thing and a spriggan air mage (repels missiles).

Vanquished Creatures
  Mara (Depths:2)
  2 juggernauts
  Boris (twice) (Vaults:1 Vaults:4)
  Saint Roka (Orc:1)
  Xtahua (Vaults:3)
  3 caustic shrikes (Depths:2)
  Jorgrun (D:15)
  A lich (Vaults:4)
  Rupert (Lair:4)
  Polyphemus (Shoals:4)
  A sphinx (Depths:1)
  Frances (Elf:1)
  Roxanne (Shoals:4)
  Donald (Elf:1)
  Kirke (D:15)
  A storm dragon (Vaults:1)
  3 fire giants
  9 vault wardens
  4 ghost moths
  3 frost giants
  2 deep elf sorcerers (Vaults:3)
  The ghost of Matius the Slinger, a journeyman GnCK of Xom (Spider:3)
  Aizul (Vaults:2)
  3 emperor scorpions
  A war gargoyle (Vaults:1)
  15 stone giants
  14 very ugly things
  11 ironheart preservers
  Nessos (Lair:4)
  5 entropy weavers
  2 vampire knights (Depths:1)
  2 deep elf annihilators
  A deep elf demonologist (Elf:1)
  Azrael (D:14)
  A minotaur (Gauntlet)
  7 spark wasps
  2 merfolk javelineers
  12 merfolk impalers
  5 ettins
  4 fire dragons
  2 rakshasas (Vaults:3)
  9 yaktaur captains
  A great orb of eyes (Vaults:1)
  A hydra (shapeshifter) (Depths:1)
  A hell beast (Depths:1)
  7 ice dragons
  2 catoblepae
  6 hydras
  Harold (D:9)
  12 vault guards
  2 spriggan air magi
  4 merfolk aquamancers (Shoals:3)
  Erica (D:9)
  9 centaur warriors
  4 death knights
  An anaconda (Lair:6)
  33 two-headed ogres
  4 alligator snapping turtles
  8 death scarabs (Spider:4)
  3 satyrs
  A queen ant (Lair:6)
  9 ogre magi
  3 deep troll earth magi (Depths:1)
  10 death yaks
  3 deep troll shamans
  2 spriggan berserkers (Depths:2)
  4 tengu warriors
  6 dancing weapons
  4 orc high priests (Orc:2)
  11 deep elf knights
  4 hell knights
  Sonja (Orc:2)
  A fire crab (Shoals:3)
  A spectral emperor scorpion (Spider:4)
  4 shadow wraiths (Vaults:2)
  A spectral entropy weaver (Spider:3)
  An iron troll (Depths:1)
  Nergalle (D:11)
  A spectral spark wasp (Spider:3)
  A sixfirhy (Gauntlet)
  8 unseen horrors
  14 sea snakes
  2 flayed ghosts
  2 glowing orange brains (Depths:1)
  2 skeletal warriors (Vaults:3)
  2 wizards (Vaults:2)
  17 deep trolls
  2 wolf spider zombies (Spider:4)
  28 harpies
  9 deep elf archers
  A lindwurm (D:14)
  The ghost of Wanze the Basher, a novice GrMo of Ashenzari (D:8)
  11 ironbrand convokers
  6 spectral wolf spiders
  2 phantasmal warriors
  A harpy (shapeshifter) (Depths:2)
  3 necromancers (Depths:2)
  2 oklob plants (Lair:4)
  23 orc knights
  12 orb spiders
  13 cyclopes
  31 wolf spiders
  46 deep elf magi
  3 moths of wrath
  10 manticores
  10 fauns
  6 orc sorcerers
  A salamander (shapeshifter) (Depths:1)
  16 ugly things
  3 centaur zombies
  Joseph (D:7)
  23 elephants
  5 black mambas
  13 vault sentinels
  7 water nymphs
  The ghost of Jakers the Firebug, a novice OgFE of Sif Muna (D:5)
  2 torpor snails (Spider:3)
  11 spiny frogs
  A gargoyle (D:15)
  Maggie (D:9)
  4 spectral redbacks
  2 centaur skeletons
  A kobold demonologist (D:14)
  2 minotaur zombies (Gauntlet)
  A komodo dragon (shapeshifter) (D:13)
  3 redback zombies (Spider:4)
  3 rime drakes
  18 demonic crawlers
  An ice devil (Depths:1)
  4 komodo dragons
  37 yaktaurs
  3 freezing wraiths
  A spriggan skeleton (Depths:1)
  A queen bee (shapeshifter) (Elf:2)
  A queen bee (Spider:2)
  8 trolls
  2 wind drakes (Shoals:3)
  2 tengu conjurers
  37 jumping spiders
  A merfolk (shapeshifter) (D:14)
  3 meliai
  A troll (shapeshifter) (Vaults:3)
  12 polar bears
  A sphinx simulacrum (Vaults:2)
  30 merfolk
  2 wolf spider simulacra
  A tengu simulacrum (Vaults:3)
  8 blink frogs (Lair:5)
  A raiju (shapeshifter) (Depths:1)
  A raiju (Lair:6)
  5 spectral jumping spiders
  2 blink frogs (shapeshifter) (Vaults:3)
  A jumping spider zombie (Spider:4)
  8 spectral tarantellas
  18 hornets
  12 dream sheep
  11 hippogriffs
  A frost giant simulacrum (Vaults:3)
  A dream sheep (shapeshifter) (Vaults:3)
  10 snapping turtles
  4 flying skulls (Gauntlet)
  92 redbacks
  A vampire (D:13)
  3 spriggans
  A shadow (D:15)
  42 tarantellas
  16 water elementals
  A wyvern (Lair:6)
  4 basilisks
  10 fire bats
  42 yaks
  2 hogs (D:15)
  2 fire elementals (D:14)
  A golden eye (shapeshifter) (Depths:1)
  2 vampire mosquitoes (D:14)
  2 redback simulacra (Spider:3)
  2 steam dragons
  11 wargs
  3 hungry ghosts
  13 soldier ants (Lair:6)
  20 hell hounds
  A jumping spider simulacrum (Spider:3)
  A spectral hornet (Spider:4)
  8 porcupines
  9 water moccasins
  13 black bears
  3 ice beasts
  53 orc warriors
  5 sky beasts
  2 phantoms
  A black bear (shapeshifter) (D:15)
  An eye of draining (D:9)
  30 ogres
  32 wolves
  10 boggarts
  A crocodile (shapeshifter) (D:14)
  32 centaurs
  8 crocodiles
  A big kobold (shapeshifter) (Vaults:4)
  17 bullfrogs
  8 big kobolds
  2 wyvern zombies
  2 earth elementals (Elf:1)
  A hornet simulacrum (Spider:3)
  8 scorpions
  17 killer bees
  7 wights
  2 howler monkeys (D:7)
  An electric eel (Lair:3)
  7 crimson imps
  2 lava snakes (D:12)
  2 hounds
  A quasit (D:10)
  A jelly (D:6)
  29 orc wizards
  2 bullfrog zombies
  30 orc priests
  A bullfrog skeleton (D:13)
  An iguana (D:10)
  13 merfolk sirens
  4 hell rats (Lair:6)
  28 worker ants
  7 merfolk avatars
  A hound zombie (D:6)
  A hound skeleton (D:5)
  Robin (D:2)
  9 gnolls
  3 howler monkey skeletons
  19 adders
  A river rat (Sewer)
  4 shadow imps
  A white imp (Spider:1)
  3 ufetubi (Gauntlet)
  An ooze (D:3)
  2 worms
  3 dart slugs
  6 leopard geckos
  140 orcs
  12 giant cockroaches
  22 goblins
  13 hobgoblins
  11 jackals
  A quokka (D:3)
  2 ball pythons (D:3)
  9 bats
  9 frilled lizards
  A jackal skeleton (D:6)
  50 kobolds
  27 rats
  3 fire vortices (D:12)
  A fungus (Lair:3)
  3 plants (Lair:4)
1960 creatures vanquished.

Vanquished Creatures (collateral kills)
  An emperor scorpion (Spider:4)
  Snorg (Lair:3)
  A tengu warrior (Depths:2)
  2 harpies (Shoals:4)
  A water nymph (Shoals:4)
  A redback zombie (Spider:4)
  A merfolk (Shoals:4)
  An orc priest (Orc:2)
  2 orcs (Orc:2)
11 creatures vanquished.

Vanquished Creatures (others)
  A merfolk aquamancer (Shoals:4)
  A spectral redback (Spider:3)
  A redback (Spider:4)
  2 humans (D:15)
  A quasit (D:9)
  An orc wizard (Orc:2)
  2 orcs
  20 fungi
  54 plants
83 creatures vanquished.

Grand Total: 2054 creatures vanquished

Notes
Turn   | Place    | Note
-------+----------+-------------------------------------------
     0 | D:1      | tilp the Gargoyle Earth Elementalist began the quest for
                  | the Orb.
     0 | D:1      | Reached XP level 1. HP: 10/10 MP: 3/3
   323 | D:1      | Reached XP level 2. HP: 15/15 MP: 1/5
  1144 | D:1      | Reached XP level 3. HP: 15/19 MP: 6/6
  1230 | D:1      | Reached skill level 5 in Earth Magic
  1654 | D:2      | Reached XP level 4. HP: 21/24 MP: 7/7
  1857 | D:2      | Noticed Robin
  1914 | D:2      | Killed Robin
  2006 | D:2      | Reached skill level 1 in Fighting
  2310 | D:3      | Reached XP level 5. HP: 26/30 MP: 8/8
  2352 | D:3      | Learned a level 2 spell: Passwall
  2356 | D:3      | Learned a level 3 spell: Stone Arrow
  2524 | D:3      | You fall into a shaft and drop 2 floors!
  2524 | D:5      | Entered Level 5 of the Dungeon
  2562 | D:5      | Reached skill level 1 in Conjurations
  2677 | D:4      | Found a glowing drain.
  2699 | Sewer    | Entered a sewer
  2829 | Sewer    | Reached XP level 6. HP: 20/35 MP: 0/9
  4033 | D:3      | Found a shimmering altar of Xom.
  4035 | D:3      | Found a shimmering altar of Xom.
  4035 | D:3      | Found a hazy altar of Hepliaklqana.
  4117 | D:3      | Found a white marble altar of Elyvilon.
  4117 | D:3      | Found a bloodstained altar of Trog.
  4117 | D:3      | Found a shadowy altar of Dithmenos.
  4566 | D:3      | Found a glowing golden altar of the Shining One.
  4566 | D:3      | Found an opulent altar of Gozag.
  4573 | D:3      | Became a worshipper of the Shining One
  4879 | D:3      | Learned a level 5 spell: Lee's Rapid Deconstruction
  5018 | D:3      | Reached XP level 7. HP: 24/40 MP: 4/12
  5595 | D:3      | Reached skill level 1 in Maces & Flails
  5599 | D:3      | Reached skill level 2 in Maces & Flails
  5605 | D:3      | Reached skill level 3 in Maces & Flails
  5638 | D:3      | Reached XP level 8. HP: 23/44 MP: 1/14
  6003 | D:4      | Reached skill level 4 in Maces & Flails
  6101 | D:4      | Found a hide-covered altar of Uskayaw.
  6538 | D:4      | Learned a level 4 spell: Petrify
  6561 | D:5      | Found a runed translucent door.
  6577 | D:5      | Noticed Jakers's ghost (novice OgFE)
  6664 | D:5      | Found a staircase to the Ecumenical Temple.
  6706 | D:5      | Found a shattered altar of Ashenzari.
  6712 | D:5      | Reached skill level 5 in Maces & Flails
  6713 | D:5      | Reached * piety under the Shining One
  6943 | D:5      | Noticed a yak
  6959 | D:5      | Killed a yak
  6959 | D:5      | Reached skill level 6 in Maces & Flails
  7766 | D:6      | Noticed a hippogriff
  7773 | D:6      | Killed a hippogriff
  7773 | D:6      | Reached skill level 10 in Earth Magic
  7773 | D:6      | Reached XP level 9. HP: 40/48 MP: 10/15
  7864 | D:6      | Reached skill level 7 in Maces & Flails
  8207 | D:6      | Found a shimmering altar of Xom.
  8208 | D:6      | Found a glowing silver altar of Zin.
  8208 | D:6      | Noticed an angel
  8301 | D:6      | Reached skill level 8 in Maces & Flails
  8807 | D:7      | Reached ** piety under the Shining One
  8820 | D:7      | Found a snail-covered altar of Cheibriados.
  8994 | D:7      | Noticed Joseph
  9008 | D:7      | Killed Joseph
  9008 | D:7      | Reached skill level 5 in Fighting
  9008 | D:7      | Reached XP level 10. HP: 44/59 MP: 3/16
  9145 | D:7      | Noticed a manticore
  9164 | D:7      | Killed a manticore
  9164 | D:7      | Reached skill level 1 in Invocations
  9164 | D:7      | Reached skill level 1 in Evocations
  9778 | D:8      | Found a runed translucent gate.
  9778 | D:8      | Found a runed translucent gate.
  9778 | D:8      | Found a runed translucent gate.
  9778 | D:8      | Noticed an 11-headed hydra
  9778 | D:8      | Noticed Wanze's ghost (novice GrMo)
  9924 | D:8      | Found Raprohoi's Antique Weapon Shoppe.
 10014 | D:8      | Found Jixaqyng's Distillery.
 10017 | D:8      | Bought 2 potions of degeneration for 24 gold pieces
 10146 | D:8      | Found Riset's Assorted Antiques.
 10151 | D:8      | Bought a scroll of identify for 60 gold pieces
 10377 | D:8      | Found Ruasias's Food Emporium.
 10851 | D:9      | Noticed a two-headed ogre
 10851 | D:9      | Noticed Maggie
 10857 | D:9      | Killed a two-headed ogre
 10875 | D:9      | HP: 3/60 [Maggie/bolt of fire (34)]
 10876 | D:9      | Killed Maggie
 10882 | D:9      | Noticed Harold
 10892 | D:9      | Killed Harold
 10892 | D:9      | Reached skill level 5 in Spellcasting
 11348 | D:9      | Reached XP level 11. HP: 58/64 MP: 6/19
 11371 | D:9      | Noticed Erica
 11377 | D:9      | Killed Erica
 11589 | D:9      | Noticed a four-headed hydra
 11592 | D:9      | Killed a four-headed hydra
 11988 | D:9      | Found a sparkling altar of Nemelex Xobeh.
 12258 | D:10     | Entered Level 10 of the Dungeon
 12362 | D:10     | Reached skill level 9 in Maces & Flails
 12444 | D:10     | Reached *** piety under the Shining One
 12980 | D:11     | Noticed a seven-headed hydra
 13012 | D:11     | Killed a seven-headed hydra
 13012 | D:11     | Reached skill level 10 in Maces & Flails
 13251 | D:11     | You fall into a shaft and drop 2 floors!
 13299 | D:13     | Noticed an unseen horror
 13307 | D:13     | Killed an unseen horror
 13578 | D:11     | Reached skill level 11 in Maces & Flails
 13588 | D:11     | Noticed a two-headed ogre
 13591 | D:11     | Killed a two-headed ogre
 13597 | D:11     | Reached XP level 12. HP: 70/70 MP: 4/21
 13600 | D:11     | Noticed Nergalle
 13723 | D:11     | Found a staircase to the Lair.
 13802 | D:11     | Killed Nergalle
 13904 | D:11     | Learned a level 1 spell: Summon Butterflies
 14040 | D:11     | Reached skill level 12 in Maces & Flails
 14421 | Lair:1   | Entered Level 1 of the Lair of Beasts
 15074 | Lair:1   | Reached skill level 5 in Dodging
 15722 | Lair:2   | Reached **** piety under the Shining One
 16601 | Lair:2   | Found a staircase to the Shoals.
 16613 | Lair:2   | Reached skill level 13 in Maces & Flails
 16794 | Lair:2   | Reached XP level 13. HP: 74/79 MP: 10/22
 17154 | Lair:2   | Found a hole to the Spider Nest.
 17655 | Lair:2   | Identified a scroll of acquirement
 17656 | Lair:2   | Got the ring "Luenoh" {*Drain rF+ rN+ MR+ Int+2}
 18332 | Lair:3   | Reached skill level 10 in Fighting
 18420 | Lair:3   | Noticed Snorg
 18427 | Lair:3   | Killed Snorg
 19258 | Lair:3   | Reached skill level 14 in Maces & Flails
 19456 | Lair:4   | Noticed Nessos
 19472 | Lair:4   | Killed Nessos
 20342 | Lair:4   | Noticed Rupert
 20349 | Lair:4   | Killed Rupert
 20349 | Lair:4   | Reached skill level 15 in Maces & Flails
 21112 | Lair:5   | Found a gate leading to a gauntlet.
 21233 | Gauntlet | Entered a Gauntlet
 21233 | Gauntlet | Found a transporter.
 21323 | Gauntlet | Found a transporter.
 21338 | Gauntlet | Found a transporter.
 21343 | Gauntlet | Found a transporter.
 21363 | Gauntlet | Found a transporter.
 21377 | Gauntlet | Found a transporter.
 21389 | Gauntlet | Found a transporter.
 21401 | Gauntlet | Found a transporter.
 21413 | Gauntlet | Found a transporter.
 21417 | Gauntlet | Reached ***** piety under the Shining One
 21419 | Gauntlet | Found a transporter.
 21419 | Gauntlet | Found a transporter.
 21434 | Gauntlet | Found a transporter.
 21451 | Gauntlet | Found a transporter.
 21471 | Gauntlet | Found a transporter.
 21498 | Gauntlet | Found a transporter.
 21498 | Gauntlet | Found a transporter.
 21518 | Gauntlet | Found a transporter.
 21623 | Gauntlet | Found a transporter.
 21932 | Gauntlet | Got a faintly glowing hat
 22047 | Gauntlet | Identified the ring "Soeth" {*Drain rElec rPois SInv}
 22047 | Gauntlet | Noticed a minotaur
 22056 | Gauntlet | Killed a minotaur
 22056 | Gauntlet | Gained mutation: Your large and strong wings let you fly
                  | indefinitely. [Gargoyle growth]
 22056 | Gauntlet | Reached XP level 14. HP: 53/88 MP: 0/23
 22069 | Gauntlet | Got a coiled golden ring
 22571 | Lair:5   | Reached skill level 16 in Maces & Flails
 22920 | Lair:5   | You fall into a shaft and drop 1 floor!
 22920 | Lair:6   | Entered Level 6 of the Lair of Beasts
 24588 | Lair:6   | Found a staircase to the Slime Pits.
 24588 | Lair:6   | Found a viscous altar of Jiyva.
 24612 | Lair:6   | Learned a level 2 spell: Blink
 24615 | Lair:6   | Learned a level 2 spell: Slow
 24619 | Lair:6   | Learned a level 3 spell: Mephitic Cloud
 24694 | Lair:6   | Reached skill level 5 in Invocations
 24763 | Lair:6   | Reached skill level 5 in Evocations
 25347 | Lair:6   | Noticed an entropy weaver
 25716 | Lair:6   | Killed an entropy weaver
 25862 | Lair:6   | Noticed an entropy weaver
 25870 | Lair:6   | Killed an entropy weaver
 26070 | Lair:6   | Reached XP level 15. HP: 81/92 MP: 27/27
 27393 | D:5      | Killed Jakers's ghost
 27544 | D:8      | Killed Wanze's ghost
 27544 | D:8      | Reached ****** piety under the Shining One
 28081 | D:12     | Found a staircase to the Orcish Mines.
 28919 | Orc:1    | Entered Level 1 of the Orcish Mines
 29186 | Orc:2    | Entered Level 2 of the Orcish Mines
 29213 | Orc:2    | Noticed Saint Roka
 29990 | Orc:1    | Killed Saint Roka
 31080 | Orc:2    | Gained mutation: You are frail. (-10% HP) [a neqoxec]
 31730 | Orc:2    | Found a staircase to the Elven Halls.
 31949 | Orc:2    | Noticed Sonja
 31954 | Orc:2    | Killed Sonja
 31974 | Orc:2    | Found Irifif's Antique Weapon Shop.
 32699 | Orc:2    | Found Yvyre Rox's Armour Shop.
 32700 | Orc:2    | Found Agguiskooji's Distillery.
 32705 | Orc:2    | Found Qigaisatt's Assorted Antiques.
 32768 | Orc:2    | Bought a scroll of blinking for 277 gold pieces
 32776 | Orc:2    | Bought a potion of mutation for 112 gold pieces
 32776 | Orc:2    | Bought 2 potions of ambrosia for 224 gold pieces
 32776 | Orc:2    | Bought a potion of mutation for 112 gold pieces
 32776 | Orc:2    | Bought 2 potions of haste for 280 gold pieces
 34087 | D:13     | Reached skill level 1 in Shields
 34555 | D:14     | Reached XP level 16. HP: 90/90 MP: 29/29
 34564 | D:14     | Identified the +0 hat of Teacke {+Fly rN+ Dex-4} (You found
                  | it in a Gauntlet)
 34942 | D:14     | Found a gate to the Vaults.
 35229 | D:14     | Learned a level 5 spell: Bolt of Magma
 35711 | D:15     | Entered Level 15 of the Dungeon
 35726 | D:15     | Got an ancient ring mail
 35827 | D:15     | Noticed Kirke
 35841 | D:15     | Killed Kirke
 36061 | D:15     | Found a shadowy altar of Dithmenos.
 36065 | D:15     | Noticed Azrael
 36142 | D:14     | Killed Azrael
 36492 | D:15     | Reached skill level 10 in Spellcasting
 36601 | D:15     | Noticed Jorgrun
 36622 | D:15     | Killed Jorgrun
 36910 | D:15     | Reached skill level 15 in Earth Magic
 37233 | D:15     | Identified the ring "Yviukeo" {*Tele rPois Str+7 Slay+2
                  | SInv} (You found it in a Gauntlet)
 37274 | D:15     | Reached skill level 5 in Conjurations
 37390 | D:15     | Found a staircase to the Depths.
 37672 | D:15     | Learned a level 6 spell: Iron Shot
 37803 | Spider:1 | Entered Level 1 of the Spider Nest
 39700 | Spider:1 | Reached skill level 1 in Armour
 40132 | Spider:1 | Reached XP level 17. HP: 71/95 MP: 31/31
 41889 | Spider:2 | Reached skill level 5 in Armour
 42505 | Spider:2 | Found the +7 mace of Variability {chain chaos}
 43649 | Spider:3 | Found a runed translucent gate.
 43649 | Spider:3 | Found a runed translucent gate.
 43649 | Spider:3 | Found a runed translucent gate.
 43652 | Spider:3 | Noticed Matius's ghost (journeyman GnCK)
 43917 | Spider:3 | HP: 5/100 [demonic crawler (4)]
 44574 | Spider:3 | Identified the +3 ring mail of Lust {*Contam +Inv Str+4
                  | Dex-2} (You found it on level 15 of the Dungeon)
 44869 | Spider:3 | Reached skill level 15 in Fighting
 44881 | Spider:3 | Killed Matius's ghost
 44900 | Spider:3 | Got a sparkling granite ring
 44917 | Spider:3 | Lost mutation: You are frail. (-10% HP) [potion of
                  | mutation]
 44917 | Spider:3 | Gained mutation: Your spells are a little easier to cast,
                  | but a little less powerful. [potion of mutation]
 44917 | Spider:3 | Gained mutation: You are agile. (Dex +2) [potion of
                  | mutation]
 44917 | Spider:3 | Gained mutation: You expend magic power (3 MP) to
                  | strengthen your wands. [potion of mutation]
 44918 | Spider:3 | Lost mutation: You are agile. (Dex +2) [potion of mutation]
 44918 | Spider:3 | Lost mutation: Your spells are a little easier to cast, but
                  | a little less powerful. [potion of mutation]
 44918 | Spider:3 | Lost mutation: You expend magic power (3 MP) to strengthen
                  | your wands. [potion of mutation]
 44918 | Spider:3 | Gained mutation: You have sharp toenails. [potion of
                  | mutation]
 44918 | Spider:3 | Gained mutation: You are robust. (+10% HP) [potion of
                  | mutation]
 44918 | Spider:3 | Gained mutation: You have a somewhat thin skeletal
                  | structure. (Dex +2, Stealth) [potion of mutation]
 45022 | Spider:4 | Entered Level 4 of the Spider Nest
 45662 | Spider:3 | Reached skill level 1 in Fire Magic
 45932 | Spider:3 | Reached skill level 10 in Conjurations
 46207 | Spider:4 | Reached XP level 18. HP: 130/130 MP: 12/32
 46625 | Spider:4 | Got a fabulously ornate robe
 47178 | Spider:4 | Identified the +4 robe of the Rose {rF+ rCorr} (You found
                  | it on level 4 of the Spider Nest)
 48344 | Spider:4 | Got a gossamer rune of Zot
 48719 | Shoals:1 | Entered Level 1 of the Shoals
 48719 | Shoals:1 | Found Sowiwot's Magic Scroll Shoppe.
 49508 | Shoals:1 | Bought a scroll of fear for 45 gold pieces
 49508 | Shoals:1 | Bought a scroll of identify for 26 gold pieces
 49508 | Shoals:1 | Identified the cursed ring of Lasos {*Corrode rPois AC-4
                  | Str+5 Slay+6} (You found it on level 3 of the Spider Nest)
 51125 | Shoals:2 | Found Wog Cadd's General Store.
 51136 | Shoals:2 | Bought a scroll of blinking for 142 gold pieces
 52372 | Shoals:3 | Reached XP level 19. HP: 118/136 MP: 35/35
 53085 | Shoals:3 | Got a pair of spiked boots
 54373 | Shoals:4 | Entered Level 4 of the Shoals
 55020 | Shoals:4 | Noticed Polyphemus
 55444 | Shoals:4 | Killed Polyphemus
 56216 | Shoals:4 | Reached skill level 10 in Invocations
 56293 | Shoals:4 | Found the +27 Lear's hauberk
 56972 | Shoals:4 | Got a barnacled rune of Zot
 57461 | Shoals:4 | Identified Roxanne's Catalogue of Transmigration
 57461 | Shoals:4 | Noticed Roxanne
 57467 | Shoals:4 | Killed Roxanne
 57857 | Shoals:4 | Reached skill level 1 in Throwing
 57862 | Shoals:4 | Identified the +3 quarterstaff of Proximity {venom, Int+3}
 58682 | Orc:2    | Bought a potion of brilliance for 56 gold pieces
 58682 | Orc:2    | Bought a potion of curing for 42 gold pieces
 58682 | Orc:2    | Bought a potion of magic for 112 gold pieces
 58682 | Orc:2    | Bought a potion of brilliance for 56 gold pieces
 58682 | Orc:2    | Bought a potion of magic for 112 gold pieces
 58682 | Orc:2    | Bought 2 potions of curing for 84 gold pieces
 58682 | Orc:2    | Bought a potion of curing for 42 gold pieces
 58682 | Orc:2    | Bought a potion of curing for 42 gold pieces
 58840 | Vaults:1 | Entered Level 1 of the Vaults
 58889 | Vaults:1 | HP: 1/136 [two-headed ogre/+0 giant club (9)]
 59806 | Vaults:1 | Reached XP level 20. HP: 141/141 MP: 3/36
 60155 | Vaults:1 | Reached skill level 5 in Throwing
 60846 | Vaults:1 | Identified the +1 pair of boots "Vesos" {rElec rPois Regen+
                  | Slay-3} (You found it on level 3 of the Shoals)
 62194 | Vaults:2 | Noticed Boris
 62694 | Vaults:2 | Found Vidauvvite's Antique Weapon Shoppe.
 63022 | Vaults:1 | Killed Boris
 64212 | Vaults:2 | Got a transparent chain mail
 64495 | Vaults:2 | Noticed Aizul
 64722 | Vaults:2 | Killed Aizul
 64828 | Vaults:2 | Reached XP level 21. HP: 46/148 MP: 1/37
 65132 | Vaults:2 | Found a staircase to the Crypt.
 65781 | Vaults:2 | Identified the +1 chain mail of Broken Taboos {Harm rElec
                  | Regen+ Stlth+} (You found it on level 2 of the Vaults)
 66742 | Vaults:3 | Reached skill level 17 in Maces & Flails
 67563 | Vaults:3 | Noticed Xtahua
 68259 | Vaults:3 | Reached skill level 18 in Maces & Flails
 69722 | Vaults:3 | Killed Xtahua
 69884 | Vaults:4 | Noticed Boris
 69896 | Vaults:4 | Killed Boris
 69943 | Vaults:4 | Found a flickering gateway to a bazaar.
 69963 | Bazaar   | Entered a bazaar
 69976 | Bazaar   | Found Duar's Antique Weapon Emporium.
 69987 | Bazaar   | Found Dontiv's Antique Weapon Shoppe.
 70003 | Bazaar   | Found Puowihify's Antique Armour Emporium.
 70014 | Bazaar   | Found Viossaub's Antique Armour Shoppe.
 70037 | Bazaar   | Bought a runed kite shield for 97 gold pieces
 70047 | Bazaar   | Bought a shimmering leather armour for 112 gold pieces
 70047 | Bazaar   | Identified the +5 leather armour of the Sun {Str+2} (You
                  | bought it in a shop in a bazaar)
 70095 | Vaults:4 | Found Heamneum's Distillery.
 70100 | Vaults:4 | Bought a potion of cancellation for 144 gold pieces
 70161 | Vaults:4 | Reached XP level 22. HP: 124/154 MP: 38/38
 70265 | Vaults:4 | Found Kako's Jewellery Shoppe.
 70826 | Vaults:4 | Reached skill level 19 in Maces & Flails
 71978 | Elf:1    | Entered Level 1 of the Elven Halls
 72308 | Elf:1    | Noticed Donald
 72324 | Elf:1    | Killed Donald
 72409 | Elf:1    | Noticed Frances
 72412 | Elf:1    | Killed Frances
 72762 | Elf:1    | Reached skill level 20 in Maces & Flails
 73261 | Elf:1    | Identified the Reference Book on Slavery
 73393 | Elf:1    | Found Sogianosm's Armour Boutique.
 73394 | Elf:1    | Found Vovve's Magic Scroll Boutique.
 73397 | Elf:1    | Found Lafoxtar's Weapon Boutique.
 73398 | Elf:1    | Found Inet's Magic Scroll Boutique.
 73935 | Elf:2    | Found a runed translucent gate.
 73936 | Elf:2    | Found a runed translucent gate.
 73937 | Elf:2    | Found a runed translucent gate.
 74577 | Depths:1 | Entered Level 1 of the Depths
 74879 | Depths:1 | Found a portal to a secret trove of treasure.
 75669 | Depths:1 | Found a gateway to Hell.
 75900 | Depths:1 | Found a corrupted altar of Lugonu.
 76238 | Depths:1 | Found a gateway to a ziggurat.
 76329 | Depths:1 | Reached XP level 23. HP: 142/159 MP: 6/39
 76343 | Depths:1 | Paralysed by a vampire knight for 5 turns
 76450 | Depths:1 | Noticed a juggernaut
 76458 | Depths:1 | Killed a juggernaut
 76590 | Depths:1 | Found the +8 glaive of the Guard {elec, +Rage AC+5 SInv}
 77385 | Depths:2 | Learned a level 1 spell: Apportation
 77388 | Depths:2 | Noticed a caustic shrike
 77394 | Depths:2 | Noticed a caustic shrike
 77397 | Depths:2 | Killed a caustic shrike
 77397 | Depths:2 | Noticed a caustic shrike
 77400 | Depths:2 | Killed a caustic shrike
 77418 | Depths:2 | Killed a caustic shrike
 77851 | Depths:2 | Noticed Mara
 77854 | Depths:2 | Noticed tilp's illusion
 77858 | Depths:2 | Killed Mara
 78267 | Depths:2 | Noticed a juggernaut
 78286 | Depths:2 | Killed a juggernaut
 78292 | Depths:2 | Killed from afar by a frost giant

Illustrated notes

Levels and vault maps discovered:
D:1:      mrwooster_arrival_arrow, layout_basic
D:2:      layout_rooms, chequers_serial_rivers_marsh, minmay_tetromino_o2,
          uniq_robin
D:3:      minmay_goblin_kobold_castle, layout_loops_corners,
          amethyst_overflow_temple_binary, first_ration, doesnt_xom_only_xom
D:4:      layout_loops_ring, eat_drink_and_be_merry_uskayaw,
          portal_sewer_entry_b
D:5:      layout_loops_ring, minmay_temple_entry_large_hall, basic_altar,
          ebering_ghost_inner_flame, minmay_manual_moon
D:6:      layout_loops_ring, grunt_temple_overflow_order_and_chaos_1
D:7:      layout_basic, cheibriados_altar_1, uniq_joseph
D:8:      layout_basic, serial_shops, kennysheep_mini_moat, shop,
          nicolae_shop_behind_doors, shop, gammafunk_ghost_hydra_chop
D:9:      layout_loops_ring, lemuel_round_altar, special_room
          [special_room_orc], grunt_ogre_cave, uniq_erica, uniq_maggie,
          uniq_harold
D:10:     layout_cave_pools
D:11:     layout_loops_ring, lair_entry_dummy, uniq_nergalle
D:12:     layout_loops_ring, hiddenorc1_lemuel, minmay_statues_item,
          chequers_serial_rivers_micro_c, hangedman_incinerator
D:13:     layout_basic
D:14:     layout_roguey, david_vaults_4, kennysheep_path_1
D:15:     grunt_enter_depths_hoard, layout_cave_pods, basic_altar,
          serial_park_square3 [serial_park_minivault_5x5_7], uniq_azrael,
          uniq_jorgrun, uniq_kirke
Lair:1:   layout_misc_corridors
Lair:2:   layout_cave_shapes, shoals_dummy_entry, spider_nest_entry_funnel_web,
          beast_lair_carwin_6, serial_bayou_shore_b, grunt_megastairs_2,
          serial_bayou_shore_b
Lair:3:   layout_regular_city, hangedman_lair_unloving_vines,
          forest_entry_grove, infiniplex_staircase_pool, uniq_snorg
Lair:4:   dpeg_oklob_gauntlet, layout_regular_city, uniq_nessos, uniq_rupert
Lair:5:   layout_gridlike, gauntlet_entry_generic, beast_lair_carwin_3
Lair:6:   hangedman_lair_caniforms_friends, layout_regular_city, slime_altar_1,
          zaba_antful_of_joy
Shoals:1: layout_shoals, nicolae_shoals_c_island
Shoals:2: layout_shoals, serial_shops, nicolae_shop_statue_plus,
          nicolae_shoals_seven_spires
Shoals:3: layout_shoals, hangedman_shoal_volcano
Shoals:4: shoals_end_simple, layout_shoals, nicolae_shoals_water_shrine,
          uniq_polyphemus, uniq_roxanne
Spider:1: layout_spider_delve, nicolae_crawler_farm,
          hangedman_spider_tarantella_strand
Spider:2: layout_spider_delve, special_room [special_room_bee],
          spiders_nest_hornet_nest
Spider:3: layout_spider_delve, gammafunk_ghost_necromancy
Spider:4: floodkiller_spider_rune_tomb, hangedman_spider_mandibles
Orc:1:    layout_caves
Orc:2:    st_orc_elflike, layout_caves, uniq_sonja, uniq_saint_roka
Elf:1:    eino_elf_arrival_customs, layout_rooms, minmay_elf_demonology,
          minmay_shop_grid_forest, uniq_frances, uniq_donald
Elf:2:    layout_onion_city, minmay_strange_pillars
Vaults:1: hangedman_vaults_corner_blocks, v_misc_31, dpeg_vaults_waves,
          nicolae_vaults_little_squares_2, vaults_room_grid,
          hangedman_vaults_slither, vaults_room_grunt_arrival_checkpoint,
          vaults_dpeg_diagonal, hangedman_vaults_capsules,
          grunt_vaults_hallway_short, nicolae_vaults_little_ls,
          vaults_room_hallway, layout_vaults_omnigrid
Vaults:2: vaults_mumra_chevron_long, v_misc_26, nicolae_vaults_network_quincunx
          [nicolae_vaults_network_quincunx_subvault,
          nicolae_vaults_network_quincunx_subvault,
          nicolae_vaults_network_quincunx_subvault,
          nicolae_vaults_network_quincunx_subvault,
          nicolae_vaults_network_quincunx_subvault], v_pattern_3,
          ontoclasm_vaults_ligature, hangedman_vaults_locks,
          vaults_room_fancy_cross, blue_anna_dwarven_crypt, v_misc_30,
          ontoclasm_vaults_shuriken, vaults_room_semicircle,
          nicolae_vaults_quartermaster, nicolae_vaults_little_squares_2,
          nicolae_vaults_little_squares_1, vaults_dpeg_encased_lava,
          layout_vaults_omnibox, serial_shops, nicolae_shop_behind_doors,
          uniq_aizul, uniq_boris
Vaults:3: grunt_vaults_diagonal, v_pattern_4, nicolae_vaults_border_crossing,
          nicolae_vaults_lopsided_apartments, serial_ice_m,
          grunt_vaults_hallway_short, v_alt_pattern_5, v_alt_pattern_2,
          v_misc_32, v_misc_24, ontoclasm_vaults_decontamination,
          layout_vaults_chaotic_city, uniq_xtahua
Vaults:4: vaults_mumra_minichess, vaults_standard_mumra_enter_the_diamond,
          nicolae_vaults_yaktaur_gun_rack, vaults_dpeg_ring,
          nicolae_vaults_little_squares_2, nicolae_vaults_network_square,
          dpeg_vaults_monster_row, layout_vaults_ring, serial_shops,
          bzr_entry_islet, shop, shop
Depths:1: minmay_guarded_unrand_guard, layout_cave_pools, enter_ziggurat_b,
          grunt_mini_vestibule, grunt_decor_cap, enter_trove_0,
          grunt_ministairs_3, tgw_lugonu_bribe
Depths:2: grunt_x_marks_the_spot, layout_gridlike,
          ebering_dispersal_statue_hall, hell_entry,
          infiniplex_staircase_zigzag_2, uniq_mara

Skill      XL: |  1  2  3  4  5  6  7  8  9 10 11 12 13 14 15 16 17 18 19 20 21 22 23 |
---------------+----------------------------------------------------------------------+-----
Earth Magic    | 4 5 6 7 8 10 11 12 13 15 17 18 19 | 19.0
Fighting       | 1 2 5 6 8 10 12 15 16 | 16.1
Dodging        | 2 4 6 8 9 |  9.5
Conjurations   | 1 2 4 8 10 14 | 14.0
Spellcasting   | 3 4 5 6 8 9 10 12 13 | 13.0
Maces & Flails | 3 6 8 11 13 15 16 18 20 | 20.0
Invocations    | 4 8 12 | 12.0
Evocations     | 4 6 8 |  8.0
Shields        | 2 4 |  4.0
Armour         | 2 5 6 7 8 |  8.0
Fire Magic     | 3 4 |  4.0
Throwing       | 4 8 9 |  9.8
Stealth        | |  2.1
Transmutations | |  0.7

Action                   |  1- 3 |  4- 6 |  7- 9 | 10-12 | 13-15 | 16-18 | 19-21 | 22-24 || total
-------------------------+-------+-------+-------+-------+-------+-------+-------+-------++-------
Melee: Dagger            |   116 |       |       |       |       |       |       |       ||   116
       Mace              |    20 |   376 |    79 |       |       |       |       |       ||   475
       Flail             |       |       |   213 |   485 |       |       |       |       ||   698
       Morningstar       |       |       |       |    95 |  1201 |  1719 |  1104 |    61 ||  4180
       Staff             |       |       |       |       |       |     6 |    25 |    27 ||    58
       Great mace        |       |       |       |       |       |       |       |   227 ||   227
Throw: Stone             |       |       |     1 |     3 |       |       |       |       ||     4
       Dart              |       |       |       |     1 |       |       |       |       ||     1
       Javelin           |       |       |       |       |       |       |     1 |     1 ||     2
 Cast: Sandblast         |    13 |    52 |    66 |    50 |       |     1 |       |       ||   182
       Stone Arrow       |       |     1 |       |    53 |    95 |    93 |    70 |     4 ||   316
       Lee's Rapid Decon |       |       |     8 |    68 |   172 |   155 |   314 |   259 ||   976
       Petrify           |       |       |       |       |     3 |    13 |     2 |     1 ||    19
       Mephitic Cloud    |       |       |       |       |     1 |       |     1 |       ||     2
       Iron Shot         |       |       |       |       |       |     3 |     7 |     5 ||    15
       Bolt of Magma     |       |       |       |       |       |     2 |    27 |     2 ||    31
Invok: Cleansing Flame   |       |       |       |       |       |     4 |     2 |       ||     6
       Summon Divine War |       |       |       |       |       |     1 |     1 |     1 ||     3
 Abil: Fly               |       |       |       |       |       |     1 |       |       ||     1
       Stop Flying       |       |       |       |       |       |       |       |     1 ||     1
Evoke: Wand              |       |       |       |     6 |     8 |     3 |     5 |       ||    22
       Box of beasts     |       |       |       |       |     6 |     1 |       |       ||     7
       Tin of tremorston |       |       |       |       |     2 |     1 |       |       ||     3
       Lightning rod     |       |       |       |       |       |     4 |       |       ||     4
  Use: Scroll            |     2 |     3 |    10 |    17 |    13 |    10 |    17 |       ||    72
       Potion            |       |       |       |     3 |     8 |     7 |     4 |       ||    22
 Stab: Sleeping          |     2 |     5 |       |       |       |       |       |       ||     7
  Eat: Chunk             |     3 |    12 |    12 |    38 |    61 |    45 |    59 |    25 ||   255
       Ration            |       |       |     1 |     3 |    11 |    12 |     5 |       ||    32
Armor: Robe              |    66 |   239 |   192 |   243 |   537 |  1011 |   417 |   228 ||  2933
Dodge: Dodged            |   122 |   375 |   298 |   639 |  1022 |  2031 |   705 |   298 ||  5490
Block: Buckler           |       |       |       |       |       |   569 |   364 |    21 ||   954
       Reflection        |       |       |       |       |       |     7 |    35 |       ||    42
